 Dungeon Crawl Stone Soup version 0.30-a0-924-g0ad0bf95bc (webtiles) character file.

Game seed: 10467126188758928414

446 ZappyNine the Digger (level 6, -2/51 HPs)
             Began as a Demigod Earth Elementalist on Mar 22, 2023.
             Slain by a gnoll
             ... wielding a +0 spear
             ... led by a gnoll bouda
              (10 damage)
             ... on level 4 of the Dungeon.
             The game lasted 00:07:20 (3186 turns).

ZappyNine the Digger (Demigod Earth Elementalist)   Turns: 3186, Time: 00:07:21

Health: -2/51      AC:  3    Str:  9    XL:     6   Next: 44%
Magic:  5/14       EV: 12    Int: 25    God:
Gold:   107        SH:  0    Dex: 14    Spells: 4/12 levels left

rFire   . . .      SeeInvis .    v - +3 whip
rCold   . . .      Faith    .    (no shield)
rNeg    . . .      Spirit   .    a - +0 robe
rPois   .          Reflect  .    (no helmet)
rElec   .          Rampage  .    (no cloak)
rCorr   .                        i - +0 pair of gloves
Will    .....                    (no boots)
Stlth   ++                       (no amulet)
HPRegen 0.28/turn                (no ring)
MPRegen 0.14/turn                (no ring)

@: no status effects
A: high MP 1, forlorn, divine attributes
a: no special abilities


You were on level 4 of the Dungeon.
You visited 1 branch of the dungeon, and saw 4 of its levels.

You collected 107 gold pieces.

Inventory:

Hand Weapons
 o - a +0 whip of venom
 v - a +3 whip (weapon)
Missiles
 f - a throwing net
Armour
 a - a +0 robe (worn)
 i - a +0 pair of gloves (worn)
Wands
 x - a wand of flame (12)
Scrolls
 e - 3 scrolls of immolation {unknown}
 k - a scroll of teleportation {unknown}
 l - a scroll of amnesia {unknown}
 m - 6 scrolls of identify {unknown}
 p - a scroll of fog {unknown}
 t - 2 scrolls of blinking {unknown}
 u - a scroll of silence {unknown}
Potions
 b - a potion of magic
 c - a potion of mutation {unknown}
 d - a potion of resistance {unknown}
 g - a potion of lignification {unknown}
 h - 3 potions of heal wounds {unknown}
 j - a potion of curing
 n - 2 potions of flight {unknown}
 q - a potion of attraction {unknown}
 r - a potion of invisibility {unknown}
 s - a potion of brilliance {unknown}
 w - a potion of might {unknown}
 z - 2 potions of berserk rage {unknown}
 A - a potion of haste {unknown}
 B - 2 potions of ambrosia {unknown}


   Skills:
 + Level 3.0 Fighting
 + Level 2.3 Dodging
 - Level 1.7 Stealth
 + Level 3.5 Spellcasting
 - Level 2.3 Conjurations
 - Level 0.8 Transmutations
 - Level 4.0 Earth Magic


You had 4 spell levels left.
You knew the following spells:

 Your Spells              Type           Power      Damage    Failure   Level
a - Sandblast             Erth           48%        2d12      1%          1
b - Passwall              Tmut/Erth      13%        N/A       5%          2
c - Stone Arrow           Conj/Erth      40%        3d9       8%          3
d - Blink                 Tloc           8%         N/A       14%         2

Your spell library contained the following spells:

 Spells                   Type           Power      Damage    Failure   Level
 Momentum Strike          Conj/Tloc      20%        3d8       9%          2
 Lesser Beckoning         Tloc           8%         N/A       14%         2
 Vhi's Electric Charge    Tloc/Air       8%         N/A       28%         3
 Petrify                  Tmut/Erth      16%        N/A       34%         4
 Arcjolt                  Conj/Air       5%         1d15      86%         5
 Maxwell's Capacitive Co  Air            2%         ∞         100%        8


Dungeon Overview and Level Annotations

Branches:
Dungeon (4/15)
 Temple: D:4-7

Annotations:
D:3 1 runed translucent door, Crazy Yiuf


Innate Abilities, Weirdness & Mutations

You have an increased reservoir of magic. (+10% MP)
You shall have no god before yourself.
Your divine heritage dramatically boosts your attributes as you level up.


Message History

Press: ? - help, Shift-Dir - straight line, f - gnoll bouda
Aim: a gnoll bouda, wielding a +0 club and wearing a +0 leather armour (85% to hit)
The blast of sand misses the gnoll bouda.
Casting: Sandblast (safe; 1% risk of failure)
Confirm with . or Enter, or press ? or * to list all spells.
Aiming: Sandblast (safe; 1% risk of failure)
Press: ? - help, Shift-Dir - straight line, f/p - gnoll bouda
Aim: a gnoll bouda, wielding a +0 club and wearing a +0 leather armour (85% to hit)
The blast of sand hits the gnoll bouda.
The gnoll bouda is moderately wounded.
The gnoll hits you from afar with a +0 spear!
The gnoll bouda hits you with a +0 club!
Casting: Sandblast (safe; 1% risk of failure)
Confirm with . or Enter, or press ? or * to list all spells.
Aiming: Sandblast (safe; 1% risk of failure)
Press: ? - help, Shift-Dir - straight line, f/p - gnoll bouda
Aim: a gnoll bouda, wielding a +0 club and wearing a +0 leather armour (moderately wounded, 85% to hit)
The blast of sand hits the gnoll bouda!
The gnoll bouda is severely wounded.
The gnoll bouda barks out a call to the hunt!
The gnolls pick up the pace!
The gnoll hits you from afar with a +0 spear.
Unknown command.
Casting: Sandblast (safe; 1% risk of failure)
Confirm with . or Enter, or press ? or * to list all spells.
Aiming: Sandblast (safe; 1% risk of failure)
Press: ? - help, Shift-Dir - straight line, f/p - gnoll bouda
Aim: a gnoll bouda, wielding a +0 club and wearing a +0 leather armour (severely wounded, 85% to hit)
The blast of sand hits the gnoll bouda!
You kill the gnoll bouda!
The gnoll closely misses you.
The gnoll hits you from afar with a +0 spear!
* * * LOW HITPOINT WARNING * * *
The gnoll closely misses you.
Your Fighting skill increases to level 3!
Casting: Sandblast (safe; 1% risk of failure)
Confirm with . or Enter, or press ? or * to list all spells.
Okay, then.
The gnoll hits you from afar with a +0 spear!
You die...

# #...#................. .
#.. #...........8.....
#.###.# #.................
# #.#.#.#
#.............####
##.#.#...###..........####
.............#####....#
#.......g#####..
#...†...|)g>....
#.......@#).....
#........#....##
##........# ...#
............# ..#
.########.### ..# #.# #.#
#.# #.#


You could see 2 gnolls.

Vanquished Creatures
  A phantom (D:4)
  A scorpion (D:4)
  A gnoll bouda (D:4)
  An orc priest (D:4)
  2 orc wizards
  6 adders
  6 gnolls
  2 worms
  3 dart slugs
  10 orcs
  2 ball pythons
  6 bats
  4 endoplasms
  A giant cockroach (D:1)
  6 hobgoblins
  5 jackals
  9 kobolds
  4 quokkas
  3 frilled lizards
  7 goblins
  A rat (D:1)
81 creatures vanquished.

Notes
Turn   | Place    | Note
-------+----------+-------------------------------------------
     0 | D:1      | ZappyNine the Demigod Earth Elementalist began the quest
                  | for the Orb.
     0 | D:1      | Reached XP level 1. HP: 14/14 MP: 5/5
   261 | D:1      | Reached XP level 2. HP: 22/22 MP: 4/7
   275 | D:1      | Reached skill level 3 in Earth Magic
   300 | D:1      | You fall into a shaft and drop 1 floor!
   304 | D:2      | Learned a level 2 spell: Passwall
   366 | D:2      | Reached skill level 1 in Fighting
   630 | D:2      | Reached XP level 3. HP: 24/28 MP: 6/9
   636 | D:2      | Learned a level 3 spell: Stone Arrow
   788 | D:2      | Reached skill level 1 in Conjurations
  1183 | D:3      | Reached XP level 4. HP: 20/35 MP: 4/10
  1927 | D:3      | Found a runed translucent door.
  1928 | D:3      | Noticed Crazy Yiuf
  2190 | D:3      | Reached XP level 5. HP: 41/41 MP: 7/11
  2754 | D:4      | Reached skill level 4 in Earth Magic
  2898 | D:4      | Reached XP level 6. HP: 50/50 MP: 11/13
  2901 | D:4      | Learned a level 2 spell: Blink
  3186 | D:4      | Slain by a gnoll

Illustrated notes

Levels and vault maps discovered:
D:1:      dpeg_arrival_shelter, layout_loops_ring
D:2:      layout_basic, st_stairs_2
D:3:      layout_rooms, mainiacjoe_overflow_concentric_impassable,
          lemuel_blue_sif_altar, kennysheep_small_spiral, minmay_cut_off,
          uniq_crazy_yiuf_cottage
D:4:      layout_basic, eat_drink_and_be_merry_uskayaw,
          mainiacjoe_overflow_two_lobes, okawaru_ov_weapons_minmay,
          kennysheep_cross_room

Skill      XL: |  1  2  3  4  5  6 |
---------------+-------------------+-----
Spellcasting   | 2 3 |  3.5
Earth Magic    | 3 4 |  4.0
Fighting       | 1 2 3 |  3.0
Conjurations   | 2 |  2.3
Dodging        | 2 |  2.3
Stealth        | |  1.7
Transmutations | |  0.8

Action                     |  1- 3 |  4- 6 || total
---------------------------+-------+-------++-------
  Melee: Dagger            |    29 |       ||    29
         Whip              |       |    82 ||    82
         Punch             |       |     1 ||     1
   Cast: Sandblast         |    45 |    51 ||    96
         Stone Arrow       |     4 |     8 ||    12
         Passwall          |     2 |     4 ||     6
    Use: Potion            |       |     2 ||     2
   Stab: Sleeping          |       |     1 ||     1
 Armour: Robe              |     8 |    30 ||    38
  Dodge: Dodged            |    45 |    59 ||   104

Table legend: (Time is in decaauts)
 A = Elapsed time spent in this place.
 B = Non-inter-level travel time spent in this place.
 C = Inter-level travel time spent in this place.
 D = Time resting spent in this place.
 E = Time spent auto-exploring this place.
 F = Levels seen in this place.
 G = Mean time per level.
                   A        B        C        D        E       F      G
               +--------+--------+--------+--------+--------+-----+--------+
         Total |   3241 |   3168 |     73 |    237 |   2322 |   4 |  810.2 |
       Dungeon |   3241 |   3168 |     73 |    237 |   2322 |   4 |  810.2 |
               +--------+--------+--------+--------+--------+-----+--------+

Top non-repeatable levels by time:
     D:3: 1355 daAuts
     D:2: 801 daAuts
     D:4: 778 daAuts
     D:1: 306 daAuts
